 Dungeon Crawl Stone Soup version 0.19.3-1-g3169bf9 (webtiles) character file.

126830 dngmouse the Victor of a Thousand Battles (level 16, -3/154 HPs)
             Began as a Minotaur Fighter on Jan 23, 2017.
             Was the Champion of Okawaru.
             Slain by a merfolk javelineer
             ... wielding a +5 spear of distortion
              (19 damage)
             ... on level 4 of the Shoals on Jan 24, 2017.
             The game lasted 02:05:46 (36362 turns).

dngmouse the Victor of a Thousand Battles (MiFi)   Turns: 36362, Time: 02:05:47

Health: -3/154     AC: 24    Str: 24    XL:     16   Next: 44%
Magic:  0/9        EV: 21    Int:  3    God:    Okawaru [******]
Gold:   1133       SH:  6    Dex: 14    Spells: 0 memorised, 15 levels left

rFire  . . .     SeeInvis .     w - +5 demon whip "Spellbinder" {antimagic, MR+}
rCold  + + .     Gourm    .     P - +5 ring mail "Xemekuq" {rC+}
rNeg   + . .     Faith    .     H - +0 buckler {reflect}
rPois  +         Spirit   +     k - +1 hat
rElec  .         Reflect  +     G - +1 cloak {rPois}
rCorr  .         Harm     .     R - +1 pair of gloves
MR     ++...     Clarity  +     b - +2 pair of boots {Stlth+}
Stlth  ++........               Z - amulet of Compassion {Spirit rN+ Slay+3}
                                t - ring of protection from cold
                                r - ring of flight

@: heroism, flying
A: retaliatory headbutt, horns 2, talons 1, repulsion field 1, clarity, clumsy
1, dopey 1, strong 1, wild magic 2, MP-powered wands
a: Heroism, Finesse, Renounce Religion, Stop Flying


You were on level 4 of the Shoals.
You worshipped Okawaru.
Okawaru was exalted by your worship.
You were not hungry.

You visited 4 branches of the dungeon, and saw 23 of its levels.
You also visited: Ossuary and Ice Cave.

You collected 2402 gold pieces.
You spent 1269 gold pieces at shops.

Inventory:

Hand Weapons
 a - a +3 flail of venom
 w - the +5 demon whip "Spellbinder" (weapon) {antimagic, MR+}
   (Okawaru gifted it to you in an ice cave)

   It reduces the magical energy of the wielder, and disrupts the spells and
   magical abilities of those hit.
   Natural abilities and divine invocations are not affected.
   It affects your resistance to hostile enchantments.
Armour
 b - a +2 pair of boots of stealth (worn)
 k - a +1 hat (worn)
 G - a +1 cloak of poison resistance (worn)
 H - a +0 buckler of reflection (worn)
 P - the +5 ring mail "Xemekuq" (worn) {rC+}
   (You found it on level 3 of the Lair of Beasts)

   It protects you from cold.
 Q - a +2 plate armour of poison resistance
 R - a +1 pair of gloves (worn)
 S - a +0 buckler of positive energy
Jewellery
 g - the ring "Couqoi" {Fire Int+3 Dex-5 SInv}
   (You acquired it on level 2 of the Shoals)

   [ring of fire]

   It enhances your fire magic.
   It affects your intelligence (+3).
   It affects your dexterity (-5).
   It protects you from fire.
   It makes you vulnerable to cold.
   It lets you see invisible.
 r - a ring of flight (left hand)
 t - a ring of protection from cold (right hand)
 B - an uncursed ring of resist corrosion
 I - the amulet of the Inquisitive Deaths {Inacc rF- rN++ MR++ Stlth+}
   (You found it on level 8 of the Dungeon)

   [amulet of inaccuracy]

   It reduces the accuracy of all your attacks.
   It makes you vulnerable to fire.
   It greatly protects you from negative energy.
   It affects your resistance to hostile enchantments.
   It makes you more stealthy.
 Z - the amulet of Compassion (around neck) {Spirit rN+ Slay+3}
   (You found it in an ice cave)

   [amulet of guardian spirit]

   It causes incoming damage to be split between your health and magic.
   It affects your accuracy and damage with ranged weapons and melee attacks
   (+3).
   It protects you from negative energy.
Wands
 u - a wand of acid (15/15)
 C - a wand of iceblast (4/15)
 F - a wand of paralysis (9/24)
 K - a wand of iceblast (7/15)
 M - a wand of acid (7/15)
 O - a wand of lightning (9/15)
 U - a wand of lightning (6/15)
 X - a wand of polymorph (11/24)
 Y - a wand of flame (30/48)
Scrolls
 i - 16 scrolls of identify
 j - 12 scrolls of remove curse
 l - 4 scrolls of teleportation
 o - a scroll of holy word
 p - 4 scrolls of enchant armour
 y - a scroll of recharging
 A - a scroll of fear
 E - 3 scrolls of fog
 L - 2 scrolls of magic mapping
 N - a scroll of brand weapon
Potions
 d - 5 potions of might
 e - 4 potions of resistance
 s - 7 potions of curing
 v - 3 potions of heal wounds
 x - a potion of cure mutation
 D - 4 potions of flight
 J - 3 potions of magic
 T - a potion of invisibility
 V - a potion of haste
 W - a potion of berserk rage
Miscellaneous
 h - a box of beasts
Comestibles
 c - 12 royal jellies
 f - 14 bread rations
 m - 17 fruits
 n - 8 beef jerkies
 q - 5 slices of pizza
 z - 7 meat rations


   Skills:
 * Level 16.8(21.8) Fighting
 - Level 13.3(18.3) Maces & Flails
 + Level 12.2(17.2) Armour
 + Level 7.6(12.6) Dodging
 - Level 3.6(8.6) Shields
 + Level 20.9 Invocations


You had 15 spell levels left.
You didn't know any spells.

Dungeon Overview and Level Annotations

Branches:
Dungeon (11/15)            Temple (0/1) D:6            Lair (6/6) D:11
 Shoals (4/4) Lair:2        Snake (0/4) Lair:2        Slime (0/5) Lair:5
    Orc (2/2) D:10            Elf (0/3) Orc:2

Altars:
Cheibriados
Elyvilon
Gozag
Kikubaaqudgha
Makhleb
Nemelex Xobeh
Okawaru
Ru
Vehumet
Xom
Beogh

Shops:
D:4 :   D:6 *   Orc:1 ?   Orc:2 ?:*}   Shoals:2 !

Annotations:
Abyss:1 Ilsuiw, Roxanne


Innate Abilities, Weirdness & Mutations

You reflexively headbutt those who attack you in melee.
You have a pair of horns on your head.
You have sharp toenails.
You are surrounded by a mild repulsion field. (EV +2)
You possess an exceptional clarity of mind.
You are clumsy. (Dex -2)
You are dopey. (Int -2)
Your muscles are strong. (Str +2)
Your spells are harder to cast, but more powerful.
You expend magic power (3 MP) to strengthen your wands.


Message History

The merfolk javelineer throws a javelin.
The javelin hits you!
* * * LOW HITPOINT WARNING * * *
You see here a javelin.
The merfolk javelineer throws a javelin.
The javelin hits you!
* * * LOW HITPOINT WARNING * * *
You see here 2 javelins.
You see here a javelin.
Things that are here:
a leather armour; 4 javelins; a spear The drowned soul returns to the deep!
There is a stone staircase leading up, spattered with blood here.
Items here: ( ) [ † a spear of flaming; a leather armour; 15 javelins; a merfolk corpse The drowned soul returns to the deep!
The merfolk javelineer hits you from afar with a spear of distortion.
* * * LOW HITPOINT WARNING * * *
Space warps horribly around you!
You die...

P≈PP≈≈≈≈≈PPPP≈≈P≈≈≈≈≈≈≈.)....^[≈≈
P≈≈≈≈≈≈≈≈P≈(≈≈≈≈≈≈≈≈≈≈≈........≈≈
PPP≈≈≈≈≈≈≈≈≈≈≈.≈≈≈≈≈≈≈≈≈.......≈≈
.mm..≈≈≈≈≈≈≈≈...≈≈≈≈/)#≈.#....≈≈≈
..###.≈P≈≈≈≈≈....≈≈≈≈#######..≈≈≈
§.###..≈≈≈≈≈≈.....≈≈##≈≈#≈≈≈##≈≈≈
...####≈≈≈≈≈.(.....##≈≈≈≈≈≈≈##≈≈≈
##..##.≈≈≈≈((.W())..#≈≈#≈#≈≈#≈≈≈≈
# #..≈≈≈≈≈.W.(W[@((##≈≈≈≈≈≈##≈≈≈≈
###≈≈≈≈≈..m.m.((.###≈#≈#≈≈#≈≈≈≈
#≈≈≈≈≈≈..(.(((.##≈≈≈≈≈≈≈##≈≈≈
#(≈≈≈≈(≈(...(.(###≈#≈≈≈≈##≈≈≈
#≈≈≈≈≈≈≈≈.......(#######≈≈≈≈≈
#≈≈≈≈≈≈≈≈.......(#≈##≈##≈≈≈≈≈
#≈≈≈≈≈≈≈≈≈≈...........≈≈....≈≈
##≈≈≈≈≈≈≈≈≈..................≈
≈≈≈≈≈≈≈≈≈≈≈..#...).(..........


You could see a merfolk avatar, a merfolk javelineer and 3 drowned souls.

Vanquished Creatures
  Jorgrun (Shoals:3)
  Polyphemus (Shoals:2)
  Kirke (Lair:5)
  A frost giant (IceCv)
  3 merfolk javelineers
  Josephine (Lair:6)
  4 merfolk impalers
  5 hydras
  2 catoblepae
  3 merfolk avatars
  An alligator snapping turtle (Shoals:4)
  2 merfolk aquamancers
  3 death yaks
  3 satyrs
  An orc high priest (Orc:2)
  15 sea snakes
  A deep elf archer (Orc:2)
  14 harpies
  3 cyclopes
  19 manticores
  9 orc sorcerers (Orc:2)
  19 fauns
  11 elephants
  Maurice (Orc:2)
  12 sirens
  5 water nymphs
  An ice statue (IceCv)
  3 black mambas
  8 spiny frogs
  5 komodo dragons
  3 rime drakes
  The ghost of Thrillho the Slasher, a novice OpFi of Gozag (D:5)
  25 merfolk
  2 harpy zombies (Shoals:4)
  4 trolls
  20 polar bears
  3 wind drakes
  16 blink frogs
  4 raiju (Lair:6)
  3 snapping turtles (Shoals:4)
  10 dream sheep
  13 hippogriffs
  A spriggan (Lair:4)
  5 wraiths
  9 water elementals
  A steam dragon (D:11)
  2 wyverns
  68 yaks
  A basilisk (Lair:3)
  2 nagas (Lair:2)
  17 wargs
  4 hell hounds (Lair:6)
  8 water moccasins
  Duvessa (D:6)
  16 porcupines
  11 orc warriors
  The ghost of markt42 the Chopper, an amateur HOFi (D:3)
  3 sky beasts
  15 black bears
  4 ice beasts
  A necrophage (D:10)
  7 ogres
  26 wolves
  7 centaurs
  17 crocodiles
  3 big kobolds
  A hippogriff zombie (Shoals:4)
  3 elf zombies (Ossuary)
  13 bullfrogs
  4 elf skeletons (D:7)
  Dowan (D:6)
  2 scorpions
  5 wights (D:9)
  4 howler monkeys
  3 crimson imps
  2 centaur zombies
  A quasit (D:11)
  21 hounds
  3 human zombies (Ossuary)
  14 jellies
  36 orc wizards
  9 orc priests
  A human skeleton (D:7)
  Natasha (thrice) (D:4 D:6)
  An iguana (D:6)
  6 hell rats (Lair:6)
  5 worker ants
  2 big kobold zombies (Ossuary)
  The ghost of dscm the Cutter, a weakling OpMo (Ossuary)
  2 hound zombies
  3 mummies
  A howler monkey zombie (D:9)
  A howler monkey skeleton (D:10)
  7 adders
  4 shadow imps
  12 white imps (Lair:6)
  3 oozes
  An adder skeleton (D:4)
  6 worms
  4 leopard geckos
  89 orcs
  8 bats
  A bat zombie (Shoals:4)
  8 giant cockroaches
  4 goblins
  7 hobgoblins
  15 jackals
  17 kobolds
  A quokka (D:2)
  A ball python (D:1)
  4 frilled lizards
  13 hobgoblin zombies
  A jackal skeleton (D:5)
  A jackal zombie (D:6)
  12 kobold zombies
  5 orc skeletons (D:7)
  7 orc zombies
  2 rats
  2 plants
875 creatures vanquished.

Vanquished Creatures (others)
  A merfolk aquamancer (Shoals:4)
  A faun (Shoals:3)
  2 polar bears (IceCv)
  2 blink frogs (Lair:6)
  3 yaks (IceCv)
  2 humans (Lair:6)
  3 wolves (IceCv)
  An orc wizard (Orc:2)
  An orc (Orc:2)
  A fire vortex (Shoals:3)
  11 fungi
  25 plants
  6 tentacles (Shoals:2)
59 creatures vanquished.

Grand Total: 934 creatures vanquished

Notes
Turn   | Place    | Note
-------+----------+-------------------------------------------
     0 | D:1      | dngmouse the Minotaur Fighter began the quest for the Orb.
     0 | D:1      | Reached XP level 1. HP: 19/19 MP: 0/0
   265 | D:1      | Reached XP level 2. HP: 27/27 MP: 1/1
   572 | D:1      | Reached XP level 3. HP: 27/33 MP: 2/2
  1299 | D:2      | Reached XP level 4. HP: 39/41 MP: 3/3
  1361 | D:2      | Found a burning altar of Makhleb.
  1421 | D:2      | Found a snail-covered altar of Cheibriados.
  1702 | D:3      | Reached skill level 5 in Maces & Flails
  2159 | D:3      | Noticed markt42's ghost (amateur HOFi)
  2168 | D:3      | Killed markt42's ghost
  2168 | D:3      | Reached XP level 5. HP: 47/47 MP: 4/4
  2281 | D:4      | Reached XP level 6. HP: 37/55 MP: 5/5
  2402 | D:4      | Found Ruplow's Book Boutique.
  2405 | D:4      | Noticed Natasha
  2418 | D:4      | Killed Natasha
  2752 | D:4      | Noticed Natasha
  2757 | D:4      | Killed Natasha
  3211 | D:5      | Entered Level 5 of the Dungeon
  3215 | D:5      | Noticed Thrillho's ghost (novice OpFi)
  3392 | D:5      | Killed Thrillho's ghost
  3392 | D:5      | Reached XP level 7. HP: 60/60 MP: 6/6
  3589 | D:5      | Found a white marble altar of Elyvilon.
  3676 | D:5      | Reached skill level 10 in Maces & Flails
  3782 | D:5      | Found an ancient bone altar of Kikubaaqudgha.
  4080 | D:6      | Noticed Duvessa
  4081 | D:6      | Noticed Dowan
  4099 | D:6      | Killed Duvessa
  4099 | D:6      | Reached XP level 8. HP: 61/67 MP: 7/7
  4106 | D:6      | Killed Dowan
  4153 | D:6      | Found an iron altar of Okawaru.
  4153 | D:6      | Found a radiant altar of Vehumet.
  4159 | D:6      | Found a sparkling altar of Nemelex Xobeh.
  4162 | D:6      | Became a worshipper of Warmaster Okawaru
  4165 | D:6      | Found a faded altar of an unknown god.
  4167 | D:6      | Found an opulent altar of Gozag.
  4310 | D:6      | Found a shimmering altar of Xom.
  4719 | D:6      | Noticed Natasha
  4733 | D:6      | Killed Natasha
  5059 | D:6      | Reached * piety under Okawaru
  5221 | D:6      | Found a staircase to the Ecumenical Temple.
  5318 | D:6      | Found Qiuhasit's Assorted Antiques.
  5343 | D:6      | Bought a scroll labeled CEYLLA QAESM for 18 gold pieces
  5343 | D:6      | Bought a scroll labeled IDGHOJY ZIOGGI for 18 gold pieces
  5343 | D:6      | Bought a scroll labeled WAENAD CAUVUOB for 18 gold pieces
  5343 | D:6      | Bought a scroll labeled MACY JEFARYTOY for 18 gold pieces
  5635 | D:6      | Reached XP level 9. HP: 52/73 MP: 8/8
  5819 | D:7      | Upgraded the game from 0.19.3 to 0.19.3-1-g3169bf9
  5901 | D:7      | Reached skill level 5 in Fighting
  5901 | D:7      | Reached skill level 1 in Invocations
  6090 | D:7      | Found a sand-covered staircase.
  6114 | D:7      | Reached skill level 2 in Invocations
  6147 | D:7      | Reached ** piety under Okawaru
  6168 | Ossuary  | Entered an ossuary
  6378 | Ossuary  | Reached skill level 3 in Invocations
  6382 | Ossuary  | Noticed dscm's ghost (weakling OpMo)
  6398 | Ossuary  | Killed dscm's ghost
  6401 | Ossuary  | Reached skill level 5 in Armour
  6833 | D:7      | Found an ancient bone altar of Kikubaaqudgha.
  7009 | D:7      | Paralysed by fainting for 12 turns
  7031 | D:7      | Paralysed by fainting for 7 turns
  7188 | D:7      | Reached skill level 4 in Invocations
  7500 | D:8      | Got a sparkling ruby amulet
  7526 | D:8      | Reached *** piety under Okawaru
  7933 | D:8      | Found a sacrificial altar of Ru.
  8092 | D:8      | Reached XP level 10. HP: 76/88 MP: 12/12
  8270 | D:8      | Reached skill level 5 in Invocations
  8604 | D:9      | Identified the amulet of the Inquisitive Deaths {Inacc rF- rN++ MR++ Stlth+} (You found it on level 8 of the Dungeon)
  8606 | D:9      | Gained mutation: You are clumsy. (Dex -2) [potion of mutation]
  8606 | D:9      | Gained mutation: Your spells are a little harder to cast, but a little more powerful. [potion of mutation]
  8606 | D:9      | Gained mutation: Your spells are harder to cast, but more powerful. [potion of mutation]
  8920 | D:9      | Reached skill level 6 in Invocations
  8957 | D:9      | Reached **** piety under Okawaru
  9372 | D:10     | Entered Level 10 of the Dungeon
  9623 | D:10     | Found a staircase to the Orcish Mines.
  9748 | D:10     | Reached skill level 10 in Fighting
  9822 | D:9      | Reached skill level 7 in Invocations
  9950 | D:6      | Bought a runed cloak for 189 gold pieces
 10270 | D:10     | Reached ***** piety under Okawaru
 10347 | D:10     | Reached XP level 11. HP: 76/101 MP: 15/15
 11055 | D:10     | Gained mutation: You are dopey. (Int -2) [mutagenic meat]
 11057 | D:10     | Gained mutation: You possess an exceptional clarity of mind. [mutagenic meat]
 11060 | D:10     | Gained mutation: Your muscles are strong. (Str +2) [mutagenic meat]
 11129 | D:11     | Reached skill level 8 in Invocations
 11504 | D:11     | Found a staircase to the Lair.
 11607 | Lair:1   | Entered Level 1 of the Lair of Beasts
 12115 | D:11     | Received a gift from Okawaru
 12452 | Lair:1   | Reached skill level 9 in Invocations
 12708 | Lair:1   | Received a gift from Okawaru
 13044 | Lair:1   | Received a gift from Okawaru
 13589 | Orc:1    | Entered Level 1 of the Orcish Mines
 13698 | Orc:1    | Found a roughly hewn altar of Beogh.
 13832 | Orc:1    | Found Zaareoto's Magic Scroll Boutique.
 13843 | Orc:1    | Bought a scroll of brand weapon for 280 gold pieces
 13992 | Orc:2    | Entered Level 2 of the Orcish Mines
 14314 | Orc:2    | Reached skill level 1 in Dodging
 14560 | Orc:2    | Noticed an orc sorcerer
 14571 | Orc:2    | Reached XP level 12. HP: 69/113 MP: 10/18
 14577 | Orc:2    | Reached skill level 10 in Invocations
 14656 | Orc:2    | Found Vuot's General Store.
 14656 | Orc:2    | Found Zauklomn's Gadget Emporium.
 15025 | Orc:2    | Paralysed by an orc sorcerer for 4 turns
 15361 | Orc:2    | Paralysed by an orc sorcerer for 7 turns
 15536 | Orc:2    | Found a staircase to the Elven Halls.
 15565 | Orc:2    | Paralysed by an orc sorcerer for 7 turns
 15772 | Orc:2    | Paralysed by an orc sorcerer for 7 turns
 17045 | Orc:2    | Noticed an orc high priest
 17056 | Orc:2    | Killed an orc high priest
 17118 | Orc:2    | Received a gift from Okawaru
 17125 | Orc:2    | Reached skill level 11 in Invocations
 17132 | Orc:2    | Reached skill level 10 in Armour
 17135 | Orc:2    | Noticed Maurice
 17142 | Orc:2    | Killed Maurice
 17209 | Orc:2    | Found a roughly hewn altar of Beogh.
 17401 | Orc:2    | Found Towaciz's Magic Scroll Boutique.
 17401 | Orc:2    | Found Vahujuom's Book Emporium.
 17644 | Orc:1    | Bought a scroll of acquirement for 728 gold pieces
 17928 | Lair:2   | Found a staircase to the Shoals.
 18360 | Lair:2   | Found a staircase to the Snake Pit.
 18655 | Lair:3   | Noticed an eight-headed hydra
 18666 | Lair:3   | Killed an eight-headed hydra
 18804 | Lair:3   | Got a shimmering ring mail
 18805 | Lair:3   | Identified the +5 ring mail "Xemekuq" {rC+} (You found it on level 3 of the Lair of Beasts)
 18911 | Lair:3   | Reached XP level 13. HP: 122/124 MP: 20/20
 19391 | Lair:4   | Reached skill level 5 in Dodging
 20455 | Lair:5   | Reached skill level 12 in Invocations
 20479 | Lair:5   | Received a gift from Okawaru
 21211 | Lair:5   | Reached skill level 15 in Fighting
 21630 | Lair:5   | Found a staircase to the Slime Pits.
 22055 | Lair:5   | Reached ****** piety under Okawaru
 22311 | Lair:6   | Entered Level 6 of the Lair of Beasts
 22332 | Lair:6   | Received a gift from Okawaru
 22343 | Lair:6   | Found a frozen archway.
 22627 | IceCv    | Entered an ice cave
 23440 | IceCv    | Reached skill level 13 in Invocations
 23872 | IceCv    | Noticed a frost giant
 23948 | IceCv    | Killed a frost giant
 23948 | IceCv    | Received a gift from Okawaru
 23948 | IceCv    | Reached XP level 14. HP: 37/136 MP: 16/22
 24597 | IceCv    | Got a warped jade amulet
 24598 | IceCv    | Identified the amulet of Compassion {Spirit rN+ Slay+3} (You found it in an ice cave)
 24602 | IceCv    | Identified Heuptioh's Catalogue of Flamy Air
 24833 | Lair:6   | Noticed Kirke
 24895 | Lair:5   | Killed Kirke
 24957 | Lair:6   | Received a gift from Okawaru
 25344 | Lair:6   | Noticed Josephine
 25366 | Lair:6   | Killed Josephine
 25614 | Lair:6   | Reached skill level 14 in Invocations
 26420 | Shoals:1 | Entered Level 1 of the Shoals
 26495 | Shoals:1 | Reached skill level 15 in Invocations
 26703 | Shoals:1 | Received a gift from Okawaru
 27068 | Shoals:1 | Reached skill level 16 in Invocations
 27308 | Shoals:1 | Reached XP level 15. HP: 133/145 MP: 8/26
 27903 | Shoals:2 | Reached skill level 17 in Invocations
 28344 | Shoals:2 | Gained mutation: You expend magic power (3 MP) to strengthen your wands. [potion of mutation]
 28344 | Shoals:2 | Gained mutation: You are surrounded by a mild repulsion field. (EV +2) [potion of mutation]
 28344 | Shoals:2 | Gained mutation: You have sharp toenails. [potion of mutation]
 28595 | Shoals:2 | Found Lypeffi's Distillery.
 28605 | Shoals:2 | Got a translucent iron ring
 28607 | Shoals:2 | Identified the ring "Couqoi" {Fire Int+3 Dex-5 SInv} (You acquired it on level 2 of the Shoals)
 28688 | Shoals:2 | Found a runed door.
 28688 | Shoals:2 | Noticed a kraken
 29037 | Shoals:2 | Reached skill level 18 in Invocations
 29220 | Shoals:2 | Noticed Polyphemus
 29526 | Shoals:2 | Killed Polyphemus
 29526 | Shoals:2 | Received a gift from Okawaru
 30640 | Shoals:2 | Reached skill level 19 in Invocations
 30972 | Shoals:3 | Noticed Roxanne
 31011 | Shoals:3 | Banished Roxanne
 31600 | Shoals:3 | Noticed Jorgrun
 31621 | Shoals:3 | Killed Jorgrun
 31621 | Shoals:3 | Received a gift from Okawaru
 31925 | Shoals:4 | Entered Level 4 of the Shoals
 32216 | Shoals:4 | Reached skill level 20 in Invocations
 32219 | Shoals:4 | Reached XP level 16. HP: 127/152 MP: 8/29
 34409 | Shoals:4 | HP: 7/152 [alligator snapping turtle (35)]
 35304 | Shoals:4 | Noticed Ilsuiw
 36001 | Shoals:3 | Received a gift from Okawaru
 36330 | Shoals:4 | Banished Ilsuiw
 36362 | Shoals:4 | Slain by a merfolk javelineer

Skill      XL: |  1  2  3  4  5  6  7  8  9 10 11 12 13 14 15 |
---------------+----------------------------------------------+-----
Maces & Flails | 3 4 6 9 10 13 | 13.3
Fighting       | 4 8 10 12 14 15 16 | 16.8
Armour         | 5 7 9 10 11 12 | 12.2
Invocations    | 4 7 9 11 13 16 20 | 20.9
Dodging        | 1 4 6 7 |  7.6
Shields        | |  3.6

Action                   |  1- 3 |  4- 6 |  7- 9 | 10-12 | 13-15 | 16-18 || total
-------------------------+-------+-------+-------+-------+-------+-------++-------
Melee: Flail             |   100 |   169 |   541 |   928 |   541 |       ||  2279
       Headbutt          |    15 |    38 |   105 |   205 |   394 |    82 ||   839
       Demon whip        |       |       |       |       |   888 |   330 ||  1218
Invok: Heroism           |       |       |       |     5 |     7 |     5 ||    17
       Finesse           |       |       |       |     3 |     6 |       ||     9
 Abil: Evoke Flight      |       |       |       |       |       |     2 ||     2
Evoke: Wand              |       |       |       |       |     2 |       ||     2
  Use: Potion            |       |     8 |     1 |     5 |     4 |     1 ||    19
       Scroll            |       |       |       |    16 |    16 |       ||    32
 Stab: Confused          |       |       |       |       |     3 |     1 ||     4
       Petrified         |       |       |       |       |     1 |       ||     1
       Sleeping          |       |       |       |       |     1 |       ||     1
  Eat: Chunk             |     1 |     7 |    14 |    40 |    38 |    11 ||   111
       Pizza             |       |       |     1 |     1 |       |       ||     2
       Beef jerky        |       |       |       |       |     1 |       ||     1
       Fruit             |       |       |       |       |     4 |     3 ||     7
Armor: Scale mail        |    66 |    59 |     2 |       |       |       ||   127
       Chain mail        |       |       |    24 |       |       |       ||    24
       Plate armour      |       |       |   203 |   546 |       |       ||   749
       Ring mail         |       |       |       |     6 |   554 |   106 ||   666
Dodge: Dodged            |    45 |    41 |    49 |   166 |   733 |   192 ||  1226
Block: Shield            |    63 |    86 |   213 |   355 |       |       ||   717
       Buckler           |       |       |       |    20 |   215 |    65 ||   300
       Reflection        |       |       |       |     1 |    21 |     9 ||    31
